 Dungeon Crawl Stone Soup version 0.21.1-1-g345015fe64 (webtiles) character file.

4487 Lentor the Carver (level 10, -1/91 HPs)
             Began as a Minotaur Berserker on June 20, 2018.
             Was a High Priest of Trog.
             Succumbed to a killer bee's poison
             ... on level 8 of the Dungeon.
             The game lasted 00:18:20 (6149 turns).

Lentor the Carver (Minotaur Berserker)              Turns: 6149, Time: 00:18:21

Health: -1/91      AC:  8    Str: 30    XL:     10   Next: 16%
Magic:  9/9        EV: 13    Int:  4    God:    Trog [*****.]
Gold:   454        SH:  0    Dex:  9    Spells: 9/9 levels left

rFire    . . .     SeeInvis .   n - +5 great sword
rCold    . . .     Gourm    .   (shield currently unavailable)
rNeg     + . .     Faith    .   v - +1 leather armour of Weod {rN+ rCorr Str+3 Dex-2} (curse)
rPois    .         Spirit   .   (helmet restricted)
rElec    .         Reflect  .   (no cloak)
rCorr    +         Harm     .   s - +1 pair of gloves
MR       +....                  d - +0 pair of boots
Stlth    +.........             r - amulet of regeneration
HPRegen  0.65/turn              m - ring of protection from magic
MPRegen  0.11/turn              q - +3 ring of strength

@: lethally poisoned (-1 -> -18), berserk cooldown, slowed, very slow
A: retaliatory headbutt, horns 2
a: Berserk, Trog's Hand, Brothers in Arms, Burn Spellbooks, Renounce Religion


You were on level 8 of the Dungeon.
You worshipped Trog.
Trog was extremely pleased with you.
You were not hungry.

You visited 2 branches of the dungeon, and saw 10 of its levels.

You collected 454 gold pieces.

Inventory:

Hand Weapons
 a - a +5 falchion
 n - a +5 great sword (weapon)
Armour
 d - a +0 pair of boots (worn)
 p - a +0 chain mail
 s - a +1 pair of gloves (worn)
 v - the cursed +1 leather armour of Weod (worn) {rN+ rCorr Str+3 Dex-2}
   (You found it on level 8 of the Dungeon)

   It affects your strength (+3).
   It affects your dexterity (-2).
   It protects you from negative energy.
   It protects you from acid and corrosion.
   It has a curse placed upon it.
Jewellery
 m - a ring of protection from magic (left hand)
 q - a +3 ring of strength (right hand)
 r - an amulet of regeneration (around neck)
 u - an uncursed amulet of magic regeneration {unknown}
Wands
 b - a wand of digging (13)
 f - a wand of iceblast (12)
 o - a wand of paralysis (6)
 t - a wand of flame (36)
Scrolls
 h - 5 scrolls of teleportation
 j - 2 scrolls of blinking
Potions
 e - a potion of might {unknown}
 g - 7 potions of haste
 i - 2 potions of curing
 k - a potion of resistance
 l - 2 potions of heal wounds
Comestibles
 c - 10 rations


   Skills:
 + Level 9.0 Fighting
 + Level 12.2 Long Blades
 + Level 8.6 Armour
 + Level 5.1 Dodging
 + Level 1.6 Stealth
 + Level 0.6 Unarmed Combat
 + Level 0.3 Evocations


You had 9 spell levels left.
You didn't know any spells.

Dungeon Overview and Level Annotations

Branches:
Dungeon (9/15)             Temple (1/1) D:4
   Lair: D:8-11         Orc: D:9-12

Altars:
Ashenzari
Cheibriados
Dithmenos
Elyvilon
Fedhas
Gozag
Hepliaklqana
Kikubaaqudgha
Nemelex Xobeh
Qazlal
Ru
Sif Muna
Uskayaw
Vehumet
Wu Jian
Yredelemnul
Zin
The Shining One

Shops:
D:8 *


Innate Abilities, Weirdness & Mutations

You reflexively headbutt those who attack you in melee.
You have a pair of horns on your head.


Message History

You feel sick.
The killer bee stings you but does no damage.
Unknown command.
You slash the killer bee!
You kill the killer bee!
Trog accepts your kill.
* * * LOW HITPOINT WARNING * * *
You feel sick.
* * * LOW HITPOINT WARNING * * *
You feel sick.
You see here a killer bee corpse.
You feel a strong urge to attack something.
* * * LOW HITPOINT WARNING * * *
You feel sick.
* * * LOW HITPOINT WARNING * * *
You feel sick.
You feel your anger nearly subside.
You are no longer berserk.
You are exhausted.
You feel yourself slow down.
You die...

##...### #...### ##.# #
#......### #.....###.##
##..#.....####)........##
##...#...................##
#...##..###..........##...### #
....#...# ###.......#####...## #
...##...# ###.....### ##...####
...##..## ##......#####...#..
..###..# #@(...............
.......## #.................
....(.^.## ####...........()....
..####...####..††...........)....
.## ##.........>†.....###.......
.# ##.....####....#####.....). ##
##..### ##..#####........ ##
#..## #....#.....##.## .### #..#
##.........#####


There were no monsters in sight!

Vanquished Creatures
  A two-headed ogre (D:8)
  The ghost of aloneDruid the Bolt Thrower, a novice KoAM (D:3)
  Grinder (D:4)
  3 hippogriffs
  A wyvern (D:8)
  A hungry ghost (D:8)
  Eustachio (D:6)
  2 ice beasts
  A sky beast (D:6)
  A phantom (D:4)
  2 ogres
  3 centaurs
  2 bullfrogs
  2 scorpions
  6 wights (D:7)
  8 killer bees
  2 howler monkeys
  4 bullfrog zombies
  4 crimson imps
  A bullfrog skeleton (D:6)
  An orc priest (D:8)
  Ijyb (D:4)
  4 orc wizards
  Terence (D:3)
  A worker ant (D:5)
  An iguana (D:6)
  2 worker ant zombies
  A howler monkey zombie (D:6)
  5 adders
  2 shadow imps
  3 oozes
  2 adder skeletons
  3 adder zombies
  5 worms
  3 dart slugs
  7 leopard geckos
  18 orcs
  7 bats
  12 giant cockroaches
  17 goblins
  3 hobgoblins
  11 jackals
  4 quokkas
  4 frilled lizards
  A giant cockroach zombie (D:6)
  6 kobolds
  2 quokka skeletons (D:4)
  A quokka zombie (D:6)
  6 rats
181 creatures vanquished.

Notes
Turn   | Place    | Note
-------+----------+-------------------------------------------
     0 | D:1      | Lentor the Minotaur Berserker began the quest for the Orb.
     0 | D:1      | Reached XP level 1. HP: 19/19 MP: 0/0
    73 | D:1      | Reached XP level 2. HP: 18/27 MP: 1/1
   210 | D:1      | Reached skill level 4 in Long Blades
   692 | D:2      | Reached XP level 3. HP: 26/33 MP: 2/2
   709 | D:2      | Reached ** piety under Trog
  1105 | D:2      | Found a snail-covered altar of Cheibriados.
  1313 | D:3      | Found a stormy altar of Qazlal.
  1350 | D:3      | Reached XP level 4. HP: 41/41 MP: 3/3
  1396 | D:3      | Found an opulent altar of Gozag.
  1447 | D:3      | Noticed aloneDruid's ghost (novice KoAM)
  1456 | D:3      | Killed aloneDruid's ghost
  1456 | D:3      | Reached skill level 6 in Long Blades
  1456 | D:3      | Reached XP level 5. HP: 47/47 MP: 4/4
  1456 | D:3      | Reached XP level 6. HP: 55/55 MP: 5/5
  1612 | D:3      | Noticed Terence
  1617 | D:3      | Killed Terence
  1755 | D:4      | Reached skill level 5 in Fighting
  1770 | D:4      | Reached *** piety under Trog
  2021 | D:4      | Reached skill level 7 in Long Blades
  2028 | D:4      | Found a staircase to the Ecumenical Temple.
  2036 | Temple   | Entered the Ecumenical Temple
  2296 | D:4      | Noticed Grinder
  2373 | D:4      | Paralysed by Grinder for 2 turns
  2386 | D:4      | Paralysed by Grinder for 4 turns
  2405 | D:4      | Paralysed by Grinder for 3 turns
  2524 | D:4      | Noticed a hippogriff
  2539 | D:4      | Killed a hippogriff
  2539 | D:4      | Reached XP level 7. HP: 22/61 MP: 6/6
  2739 | D:4      | Noticed Ijyb
  2753 | D:4      | Killed Ijyb
  2753 | D:4      | Reached skill level 8 in Long Blades
  3000 | D:4      | Killed Grinder
  3029 | D:5      | Entered Level 5 of the Dungeon
  3053 | D:5      | Reached skill level 5 in Armour
  3061 | D:5      | Reached skill level 1 in Stealth
  3061 | D:5      | Reached XP level 8. HP: 57/70 MP: 7/7
  3158 | D:5      | Reached skill level 9 in Long Blades
  3164 | D:5      | Found a shattered altar of Ashenzari.
  3187 | D:5      | Found a hazy altar of Hepliaklqana.
  3672 | D:5      | Reached **** piety under Trog
  4006 | D:6      | Found an ancient bone altar of Kikubaaqudgha.
  4096 | D:6      | Found a deep blue altar of Sif Muna.
  4184 | D:6      | Noticed Eustachio
  4202 | D:6      | Killed Eustachio
  4202 | D:6      | Reached skill level 10 in Long Blades
  4288 | D:7      | Reached XP level 9. HP: 67/78 MP: 8/8
  4691 | D:7      | Reached ***** piety under Trog
  4700 | D:7      | Found a blossoming altar of Fedhas.
  5232 | D:8      | Found Zin's Purification Station.
  5235 | D:8      | Reached skill level 11 in Long Blades
  5245 | D:8      | Found a glowing silver altar of Zin.
  5278 | D:8      | Paralysed by fainting for 12 turns
  5692 | D:8      | Got an ichor-stained leather armour
  5703 | D:8      | Identified the cursed +1 leather armour of Weod {rN+ rCorr Str+3 Dex-2} (You found it on level 8 of the Dungeon)
  5709 | D:8      | Noticed a two-headed ogre
  5717 | D:8      | Killed a two-headed ogre
  5717 | D:8      | Reached skill level 12 in Long Blades
  5717 | D:8      | Reached skill level 5 in Dodging
  5717 | D:8      | Reached XP level 10. HP: 81/90 MP: 9/9
  6144 | D:8      | HP: 6/136 [poisoned by a killer bee]
  6147 | D:8      | HP: 1/136 [poisoned by a killer bee]
  6149 | D:8      | Succumbed to a killer bee's poison

Skill      XL: |  1  2  3  4  5  6  7  8  9 10 |
---------------+-------------------------------+-----
Fighting       | 4 5 6 8 9 |  9.0
Long Blades    | 4 6 7 8 10 12 | 12.2
Armour         | 3 4 5 7 8 |  8.6
Dodging        | 3 4 5 |  5.1
Stealth        | 1 |  1.6
Unarmed Combat | |  0.6
Evocations     | |  0.3

Action                   |  1- 3 |  4- 6 |  7- 9 | 10-12 || total
-------------------------+-------+-------+-------+-------++-------
Melee: Falchion          |    86 |   106 |   150 |       ||   342
       Headbutt          |    22 |    23 |    46 |     4 ||    95
       Unarmed           |       |     2 |       |       ||     2
       Long sword        |       |       |     2 |       ||     2
       Great sword       |       |       |    84 |    12 ||    96
Invok: Berserk           |       |     3 |     5 |     1 ||     9
       Burn Spellbooks   |       |       |       |     1 ||     1
Evoke: Wand              |       |       |     2 |       ||     2
  Use: Scroll            |       |       |    20 |     1 ||    21
       Potion            |       |       |     1 |       ||     1
  Eat: Chunk             |     1 |     5 |     9 |       ||    15
       Ration            |       |     1 |     3 |     1 ||     5
Armor: Leather armour    |    17 |       |     4 |    12 ||    33
       Animal skin       |     1 |       |       |       ||     1
       Ring mail         |     8 |       |       |       ||     8
       Chain mail        |     2 |    45 |    99 |       ||   146
       Skin              |       |     6 |    17 |       ||    23
       Scale mail        |       |       |    31 |       ||    31
Dodge: Dodged            |    55 |    33 |   129 |    23 ||   240
       Rpst.: Falchion   |    14 |     6 |    21 |       ||    41
       Long sword        |       |       |     1 |       ||     1
       Great sword       |       |       |    17 |     7 ||    24
